Map: Sentinel CE

Players

Darius - Winner!

  • Race: Protoss Protoss
  • League: Gold
  • Spawn Location: 6:00

FunkyDanDog - Winner!

  • Race: Terran Terran
  • Spawn Location: 5:00

WeAreLegion - Winner!

  • Race: Terran Terran
  • League: Gold
  • Spawn Location: 5:00

Zecroid

  • Race: Protoss Protoss
  • League: Gold
  • Spawn Location: 9:00

YueGuang

  • Race: Terran Terran
  • Spawn Location: 12:00

DreadFire

  • Race: Zerg Zerg
  • League: Silver
  • Spawn Location: 9:00

VOD

Have the link to the VOD?

Description

Time

  • Played on: Dec. 16, 2024, 11 p.m.
  • Length: 5:28
Show
View Real Time Build Order
Export as new Build Order

Darius Protoss - Winner!

Build Orders: Dark Templar Rush 

Get SALT Encoding   

  12  0:00  Probe  
  13  0:15  Probe  
  14  0:24  Pylon  
  14  0:27  Probe  
  15  0:40  Probe  
  16  0:45  Gateway  
  16  0:48  Probe  
  16  0:56  Assimilator, Probe  
  18  1:08  Probe  
  18  1:10  Assimilator  
  19  1:15  Pylon  
  19  1:20  Probe  
  20  1:31  Probe  
  21  1:38  Cybernetics Core  
  21  1:39  Probe  
  21  1:46  Pylon  
  22  1:47  Probe  
  23  1:59  Probe  
  24  2:07  Forge  
  24  2:15  Twilight Council  
  23  2:31  Probe  
  23  2:33  Warp Gate  
  23  2:36  Robotics Facility  
  24  2:46  Stalker  
  24  2:49  Photon Cannon  
  26  3:07  Dark Shrine  
  26  3:18  Gateway  
  26  3:20  Gateway  
  26  3:22  Warp Prism  
  28  3:45  Gateway  
  28  3:51  Gateway  
  28  4:17  Gateway  
  28  4:20  Pylon  
  28  4:23  Photon Cannon  
  28  4:49  Dark Templar  
  28  4:50  Dark Templar x3  
Show
View Real Time Build Order
Export as new Build Order

FunkyDanDog Terran - Winner!

Build Orders:  

Get SALT Encoding   

  12  0:01  SCV  
  13  0:28  Supply Depot  
  13  0:32  SCV  
  14  0:37  Refinery  
  14  0:44  SCV  
  15  0:55  Barracks  
  15  0:56  SCV  
  16  1:08  SCV  
  17  1:20  SCV  
  18  1:32  SCV  
  19  1:46  Barracks  
  19  1:50  Orbital Command  
  19  1:53  Barracks Reactor  
  19  2:16  SCV  
  20  2:25  Refinery  
  20  2:28  SCV  
  21  2:34  Barracks Tech Lab  
  21  2:40  SCV  
  22  2:52  SCV  
  23  2:58  Supply Depot  
  23  3:20  SCV, Reaper x3  
  23  3:21  Supply Depot  
  27  3:32  SCV  
  28  3:35  Supply Depot  
  28  3:44  SCV  
  28  3:45  Command Center  
  29  3:52  Reaper x3  
  32  3:57  Supply Depot  
  32  4:24  Reaper x2  
  32  4:28  Reaper  
  36  5:00  Barracks  
  36  5:03  Factory  
Show
View Real Time Build Order
Export as new Build Order

WeAreLegion Terran - Winner!

Build Orders:  

Get SALT Encoding   

  12  0:00  SCV  
  13  0:12  SCV  
  14  0:24  Supply Depot, SCV  
  15  0:45  SCV  
  16  0:58  SCV  
  16  0:59  Barracks  
  16  1:03  Refinery  
  17  1:10  SCV  
  18  1:22  SCV  
  19  1:35  SCV  
  20  1:47  Orbital Command  
  20  1:50  Reaper  
  21  1:55  Supply Depot  
  21  2:10  Command Center  
  21  2:12  SCV  
  22  2:23  Reaper  
  22  2:28  Barracks  
  23  2:32  Barracks  
  23  2:35  SCV  
  24  2:46  Factory  
  24  2:48  SCV  
  24  2:49  Refinery  
  25  3:00  SCV  
  26  3:10  Barracks Reactor  
  26  3:15  SCV  
  27  3:23  Orbital Command  
  27  3:27  SCV  
  27  3:29  Barracks Tech Lab  
  28  3:34  Hellion  
  28  3:39  SCV  
  31  3:46  Marine x2  
  33  3:51  SCV  
  33  4:03  SCV  
  33  4:04  SCV  
  36  4:12  Marine  
  36  4:15  SCV  
  36  4:16  SCV  
  38  4:27  SCV  
  38  4:28  SCV  
  38  4:30  Marine, Engineering Bay  
  42  4:32  Barracks Reactor  
  42  4:38  Hellion x2  
  45  4:40  SCV  
  46  4:57  Supply Depot  
  46  5:17  Starport  
  46  5:19  Starport  
  52  5:21  Armory  
Show
View Real Time Build Order
Export as new Build Order

Zecroid Protoss 

Build Orders: Carrier Rush 

Get SALT Encoding   

  12  0:09  Probe  
  12  0:12  Pylon  
  13  0:17  Probe  
  13  0:27  Probe  
  15  0:39  Probe  
  15  0:42  Gateway  
  16  0:46  Assimilator  
  16  0:53  Probe  
  17  1:05  Probe  
  18  1:17  Probe  
  19  1:32  Cybernetics Core  
  19  1:40  Probe  
  19  1:45  Nexus  
  20  1:52  Assimilator  
  20  1:55  Probe  
  21  2:01  Pylon  
  21  2:07  Probe  
  22  2:16  Stargate  
  23  2:30  Probe  
  23  2:34  Forge  
  23  2:42  Probe  
  24  2:54  Probe  
  25  3:06  Probe  
  25  3:07  Fleet Beacon  
  25  3:11  Probe  
  26  3:14  Probe  
  26  3:19  Probe  
  28  3:22  Probe  
  30  3:29  Probe  
  30  3:31  Pylon  
  31  3:44  Assimilator, Probe  
  31  3:45  Probe  
  31  3:46  Carrier  
  39  3:56  Probe  
  40  4:06  Photon Cannon  
  40  4:08  Probe  
  40  4:09  Photon Cannon  
  41  4:10  Probe  
  42  4:18  Probe  
  42  4:20  Probe  
  42  4:23  Photon Cannon  
  44  4:32  Assimilator  
  44  4:34  Pylon  
  44  4:42  Probe  
  44  4:43  Probe  
  45  4:50  Probe  
  45  4:52  Pylon  
  46  4:55  Probe  
  54  5:00  Probe  
  52  5:07  Probe  
  52  5:12  Probe  
Show
View Real Time Build Order
Export as new Build Order

YueGuang Terran 

Build Orders:  

Get SALT Encoding   

  12  0:06  SCV  
  13  0:18  SCV  
  14  0:25  Supply Depot  
  14  0:33  SCV  
  15  0:41  Refinery  
  15  0:53  Refinery  
  15  0:58  Barracks  
  15  1:02  SCV  
  16  1:14  SCV  
  17  1:26  SCV  
  18  1:38  SCV  
  19  1:47  Supply Depot  
  19  1:51  Orbital Command  
  19  2:04  Barracks Tech Lab  
  19  2:22  Command Center  
  19  2:27  SCV  
  20  2:39  SCV  
  20  2:42  Supply Depot  
  21  2:51  SCV  
  21  2:55  Factory  
  21  2:56  Marine  
  23  3:03  SCV  
  24  3:14  Marine  
  24  3:16  SCV  
  26  3:28  SCV  
  27  4:09  Orbital Command, Refinery  
  27  4:20  Refinery  
  27  4:32  Armory  
  27  4:38  Factory Tech Lab  
  27  4:40  Starport  
  27  4:41  SCV  
  28  4:53  SCV  
  29  5:05  SCV  
Show
View Real Time Build Order
Export as new Build Order

DreadFire Zerg 

Build Orders: Pool First 

Get SALT Encoding   

  12  0:01  Drone  
  13  0:12  Drone  
  14  0:32  Overlord  
  14  0:46  Spawning Pool  
  14  0:47  Drone  
  14  0:51  Drone x2  
  16  1:06  Extractor  
  16  1:07  Drone  
  16  1:24  Hatchery  
  15  1:30  Drone x2  
  17  1:36  Queen  
  19  1:51  Zergling x4  
  21  1:56  Roach Warren  
  20  2:08  Drone  
  21  2:45  Drone x3  
  21  2:48  Drone x2  
  26  3:06  Roach  
  26  3:10  Overlord x2  
  28  3:20  Lair  
  28  4:14  Roach  
  28  4:15  Roach x3  
  36  4:20  Drone  
  36  4:21  Drone x2  
  36  4:22  Queen  
  41  4:26  Drone  
  41  4:27  Extractor  
  41  4:53  Hydralisk Den  
  41  4:55  Drone  
Tags
 
Add a new tag
Caveats
  • Supply blocks, unpowered buildings, or Contaminate may cause inaccurate times.
  • Supply counts are checked every 10 seconds.